 Dungeon Crawl Stone Soup version 0.25-a0-992-gca090100c3 (webtiles) character file.

Game seed: 784830738822329774, levelgen mode: deterministic

20 Flugslaktarn the Skirmisher (level 2, -4/27 HPs)
             Began as a Minotaur Fighter on May 10, 2020.
             Killed by nerve-wracking pain
             ... invoked by Grinder
              (10 damage)
             ... on level 3 of the Dungeon.
             The game lasted 00:00:16 (265 turns).

Flugslaktarn the Skirmisher (Minotaur Fighter)       Turns: 265, Time: 00:00:16

Health: -4/27      AC:  7    Str: 20    XL:     2   Next: 58%
Magic:  1/1        EV:  7    Int:  5    God:
Gold:   0          SH:  9    Dex:  9    Spells: 1/1 levels left

rFire    . . .     SeeInvis .   a - +0 rapier
rCold    . . .     Gourm    .   c - +0 kite shield
rNeg     . . .     Faith    .   b - +0 scale mail
rPois    .         Spirit   .   (helmet restricted)
rElec    .         Reflect  .   (no cloak)
rCorr    .         Harm     .   (no gloves)
MR       .....                  (no boots)
Stlth    ..........             (no amulet)
HPRegen  0.09/turn              (no ring)
MPRegen  0.07/turn              (no ring)

@: no status effects
A: retaliatory headbutt, horns 2
a: no special abilities


You were on level 3 of the Dungeon.
You were not hungry.

You visited 1 branch of the dungeon, and saw 3 of its levels.

Inventory:

Hand Weapons
 a - a +0 rapier (weapon)
Armour
 b - a +0 scale mail (worn)
 c - a +0 kite shield (worn)
Scrolls
 g - a scroll of magic mapping {unknown}
Potions
 d - a potion of might
 h - 2 potions of brilliance {unknown}
Comestibles
 e - a ration
 f - 9 chunks of flesh


   Skills:
 + Level 3.9 Fighting
 * Level 2.8 Short Blades
 + Level 3.9 Armour
 + Level 3.9 Shields


You had one spell level left.
You didn't know any spells.
Your spell library was empty.

Dungeon Overview and Level Annotations

Branches:
Dungeon (3/15)

Altars:
Cheibriados

Annotations:
D:3 Grinder


Innate Abilities, Weirdness & Mutations

You reflexively headbutt those who attack you in melee.
You have a pair of horns on your head.


Message History

You block Grinder's attack.
You are too injured to fight recklessly!
You are too injured to fight recklessly!
You are too injured to fight recklessly!
You are too injured to fight recklessly!
You are too injured to fight recklessly!
You are too injured to fight recklessly!
You are too injured to fight recklessly!
You are too injured to fight recklessly!
You are too injured to fight recklessly!
You are too injured to fight recklessly!
You are too injured to fight recklessly!
You are too injured to fight recklessly!
Unknown command.
You closely miss Grinder.
Grinder is lightly wounded.
The bat hits the bush but does no damage. x3
Grinder gestures at you. Pain shoots through your body!
You die...
P.P . ..P P.PPPPP.P P .P...P.P P.PPP.P.P.P # ...P.P...P##.# P.PPP.PPPPP...# P.....$.5@P####.
PPPPPP.PPPb....# ##...####### ###<# ###

You could see Grinder and a bat.

Vanquished Creatures
  2 dart slugs (D:2)
  4 bats
  A giant cockroach (D:2)
  A goblin (D:2)
  3 hobgoblins (D:2)
  2 kobolds (D:2)
  2 rats (D:2)
15 creatures vanquished.

Notes
Turn   | Place    | Note
-------+----------+-------------------------------------------
     0 | D:1      | Flugslaktarn the Minotaur Fighter began the quest for the
                  | Orb.
     0 | D:1      | Reached XP level 1. HP: 19/19 MP: 0/0
    77 | D:2      | Reached XP level 2. HP: 23/27 MP: 1/1
   211 | D:2      | Found a snail-covered altar of Cheibriados.
   255 | D:3      | Noticed Grinder
   265 | D:3      | Killed from afar by Grinder

Illustrated notes

Levels and vault maps discovered:
D:1:      dpeg_arrival_tiny_a, layout_rooms, serial_forest,
          infiniplex_forest_clump_double, infiniplex_forest_end_1,
          infiniplex_forest_clump_small, infiniplex_forest_lined_corner,
          infiniplex_forest_end_1, infiniplex_forest_clump_cross
D:2:      layout_basic, kennysheep_slug_shrine
D:3:      layout_basic, minmay_hedge_maze, minivault_26, bh_walls_and_bars,
          uniq_grinder

Action                   || total
-------------------------++-------
Melee: Rapier            ||    36
       Headbutt          ||     4
Armor: Scale mail        ||     8
Dodge: Dodged            ||    13
Block: Kite shield       ||    16

Table legend:
 A = Non-vault XP
 B = Vault XP
 C = Vault XP percentage of total XP
 D = Non-vault monster count
 E = Vault monster count
 F = Vault count percentage of total count
                 A         B        C        D         E       F
            +---------+---------+-------+---------+---------+-------
      Total |      25 |       4 |  13.8 |      14 |       1 |   6.7
            +---------+---------+-------+---------+---------+-------
        D:1 |       2 |       0 |   0.0 |       1 |       0 |   0.0
        D:2 |      21 |       4 |  16.0 |      12 |       1 |   7.7
        D:3 |       2 |       0 |   0.0 |       1 |       0 |   0.0
            +---------+---------+-------+---------+---------+-------
